 Dungeon Crawl Stone Soup version 0.25-a0-492-g44cc58d149 (webtiles) character file.

Game seed: 15477624222140453496, levelgen mode: deterministic

171 Lugonue the Shield-Bearer (level 5, -8/70 HPs)
             Began as a Minotaur Fighter on Feb 11, 2020.
             Killed by divine providence
             ... invoked by an orc priest
              (16 damage)
             ... on level 3 of the Dungeon.
             The game lasted 00:02:49 (2009 turns).

Lugonue the Shield-Bearer (Minotaur Fighter)        Turns: 2009, Time: 00:02:49

Health: -8/70      AC: 22    Str: 26    XL:     5   Next: 26%
Magic:  4/4        EV:  2    Int:  5    God:
Gold:   186        SH: 10    Dex: 10    Spells: 4/4 levels left

rFire    . . .     SeeInvis .   a - +0 long sword
rCold    . . .     Gourm    .   c - +0 kite shield
rNeg     + + +     Faith    .   (armour currently unavailable)
rPois    +         Spirit   .   (helmet currently unavailable)
rElec    .         Reflect  .   (cloak currently unavailable)
rCorr    .         Harm     .   (gloves currently unavailable)
MR       .....     NoTele   +   (boots currently unavailable)
Stlth    +.........             (no amulet)
HPRegen  0.21/turn              b - ring of flight
MPRegen  0.09/turn              (no ring)

@: mighty, tree-form
A: (retaliatory headbutt)
a: no special abilities


You were on level 3 of the Dungeon.
You were not hungry.
You were a tree.
You visited 1 branch of the dungeon, and saw 3 of its levels.

You collected 186 gold pieces.

Inventory:

Hand Weapons
 a - a +0 long sword (weapon)
Armour
 c - a +0 kite shield (worn)
 j - a +0 pair of gloves (melded)
 n - a +0 ring mail (melded)
Jewellery
 b - a ring of flight (left branch)
Scrolls
 e - a scroll of magic mapping
 l - a scroll of fog {unknown}
 m - 2 scrolls of identify {unknown}
 o - 2 scrolls of enchant weapon {unknown}
Comestibles
 f - 6 rations
 g - a chunk of flesh


   Skills:
 + Level 4.6 Fighting
 + Level 3.5 Long Blades
 + Level 4.5 Armour
 + Level 2.2 Dodging
 + Level 4.7 Shields


You had 4 spell levels left.
You didn't know any spells.
Your spell library was empty.

Dungeon Overview and Level Annotations

Branches:
Dungeon (3/15)

Altars:
Elyvilon

Annotations:
D:3 Sigmund


Innate Abilities, Weirdness & Mutations

((You reflexively headbutt those who attack you in melee.))
((You have a pair of horns on your head.))


Message History

The orc hits you but does no damage.
You feel very mighty all of a sudden. You block the orc's attack.
You slash the orc!
You kill the orc!
You block something's attack. Something hits you!
* * * LOW HITPOINT WARNING * * *
Something burns you.
* * * LOW HITPOINT WARNING * * *
You barely miss something. Something hits you.
* * * LOW HITPOINT WARNING * * *
Something burns you.
* * * LOW HITPOINT WARNING * * *
It was a potion of lignification.
You turn into a tree.
Your +0 pair of gloves melds into your body.
Your +0 ring mail melds into your body.
Your roots penetrate the ground.
The orc priest mumbles some strange prayers to Beogh against you.
Beogh smites you!
You die...

...#* #.##.........,,,*,,,,,***,
.##*####.##..####.###*,,,,,,,***,
.***#........##.....##,#*,,,,,,,,
,.....######.#.......#.#.,,,,*,,^
*####** #.?#...$...#..,,,,,,,*,
#.))..._......,,,,,,,,≈
#..#)......#,*,,,,,,,,,
#.{#.......#,,,,,,,,,,,
#..##.♣...#*,,,,,,,*,,,
##.####.####..,,****,,,
#.....o.......** *,,,
######.###....* *,,, #...,,,.#*
**** #####****


You could see an orc priest.

Vanquished Creatures
  An orc wizard (D:3)
  Robin (D:3)
  5 adders (D:2)
  A worm (D:1)
  A dart slug (D:2)
  A leopard gecko (D:2)
  3 orcs (D:3)
  A giant cockroach (D:1)
  16 goblins
  8 hobgoblins
  11 jackals (D:1)
  5 kobolds
  A quokka (D:2)
  A ball python (D:1)
  10 bats
  5 frilled lizards
  A rat (D:1)
72 creatures vanquished.

Notes
Turn   | Place    | Note
-------+----------+-------------------------------------------
     0 | D:1      | Lugonue the Minotaur Fighter began the quest for the Orb.
     0 | D:1      | Reached XP level 1. HP: 19/19 MP: 0/0
    97 | D:1      | Reached XP level 2. HP: 19/27 MP: 1/1
   518 | D:1      | Reached XP level 3. HP: 31/33 MP: 2/2
   913 | D:2      | Reached skill level 1 in Dodging
   913 | D:2      | Reached XP level 4. HP: 37/41 MP: 3/3
  1585 | D:3      | Noticed Robin
  1603 | D:3      | HP: 1/41 [goblin/+0 club[Robin] (5)]
  1935 | D:3      | Killed Robin
  1935 | D:3      | Reached XP level 5. HP: 30/47 MP: 4/4
  1982 | D:3      | Noticed Sigmund
  1983 | D:3      | Found a white marble altar of Elyvilon.
  2009 | D:3      | Killed from afar by an orc priest

Levels and vault maps discovered:
D:1:      dpeg_arrival_brainrot, layout_basic
D:2:      layout_loops_corners
D:3:      layout_rooms, old_standard_altar, grunt_qazlal_sundering, uniq_robin,
          uniq_sigmund, uniq_jessica

Skill      XL: |  1  2  3  4 |
---------------+-------------+-----
Fighting       | 4 |  4.6
Armour         | 4 |  4.5
Long Blades    | 3 |  3.5
Dodging        | 1 2 |  2.2
Shields        | 4 |  4.7

Action                   |  1- 3 |  4- 6 || total
-------------------------+-------+-------++-------
Melee: Long sword        |    94 |    74 ||   168
       Headbutt          |    13 |    12 ||    25
  Use: Potion            |       |     5 ||     5
       Scroll            |       |     3 ||     3
  Eat: Chunk             |       |     4 ||     4
Armor: Scale mail        |    72 |     3 ||    75
       Ring mail         |       |    50 ||    50
Dodge: Dodged            |    34 |    45 ||    79
Block: Kite shield       |    48 |    74 ||   122
       Rpst.: Long sword |     8 |    12 ||    20

Table legend:
 A = Non-vault XP
 B = Vault XP
 C = Vault XP percentage of total XP
 D = Non-vault monster count
 E = Vault monster count
 F = Vault count percentage of total count
                 A         B        C        D         E       F
            +---------+---------+-------+---------+---------+-------
      Total |     202 |      43 |  17.6 |      58 |      14 |  19.4
            +---------+---------+-------+---------+---------+-------
        D:1 |      40 |       5 |  11.1 |      22 |       1 |   4.3
        D:2 |     105 |       0 |   0.0 |      27 |       0 |   0.0
        D:3 |      57 |      38 |  40.0 |       9 |      13 |  59.1
            +---------+---------+-------+---------+---------+-------
